 Dungeon Crawl Stone Soup version 0.22.0-35-ge4bf2f5f59 (webtiles) character file.

25 Gunterle the Skirmisher (level 3, -4/31 HPs)
             Began as a Formicid Abyssal Knight on Aug 23, 2018.
             Was a Follower of Lugonu.
             Slain by a gnoll
             ... wielding a +0 flail
              (6 damage)
             ... on level 1 of the Dungeon.
             The game lasted 00:04:32 (1084 turns).

Gunterle the Skirmisher (Formicid Abyssal Knight)   Turns: 1084, Time: 00:04:32

Health: -4/31      AC:  3    Str: 19    XL:     3   Next: 17%
Magic:  5/5        EV: 10    Int: 16    God:    Lugonu [*.....]
Gold:   28         SH:  3    Dex: 10    Spells: 2/2 levels left

rFire    . . .     SeeInvis +   a - +1 hand axe
rCold    . . .     Gourm    .   d - +0 buckler
rNeg     . . .     Faith    .   b - +0 leather armour
rPois    .         Spirit   .   (helmet unavailable)
rElec    .         Reflect  .   (no cloak)
rCorr    .         Harm     .   (no gloves)
MR       .....                  (no boots)
Stlth    +.........             (no amulet)
HPRegen  0.10/turn              (no ring)
MPRegen  0.09/turn              (no ring)

@: brilliant
A: permanent stasis, dig shafts and tunnels, four strong arms, antennae 3, sense
surroundings 1, robust 1, strong 1, no potion heal 1
a: Dig, Shaft Self, Depart the Abyss, Renounce Religion


You were on level 1 of the Dungeon.
You worshipped Lugonu.
Lugonu was aware of your devotion.
You were not hungry.

You visited 1 branch of the dungeon, and saw 1 of its levels.
You visited the Abyss 1 time.

You collected 28 gold pieces.

Inventory:

Hand Weapons
 a - a +1 hand axe (weapon)
 h - a +0 spear
Missiles
 e - 30 arrows
 g - 8 stones (quivered)
 i - 21 bolts
Armour
 b - a +0 leather armour (worn)
 d - a +0 buckler (worn)
Comestibles
 c - a ration
 f - a chunk of flesh


   Skills:
 + Level 3.5 Fighting
 * Level 2.4 Axes
 + Level 2.5 Armour
 - Level 0.8 Dodging
 + Level 0.8 Shields
 + Level 2.7 Invocations


You had 2 spell levels left.
You didn't know any spells.
Your spell library was empty.

Dungeon Overview and Level Annotations

Branches:
Dungeon (1/15)

Altars:


Innate Abilities, Weirdness & Mutations

You cannot be hasted, slowed, berserked, paralysed or teleported.
You can dig through walls and to a lower floor.
Your four strong arms can wield two-handed weapons with a shield.
You have a pair of large antennae on your head. (SInv)
You passively map a small area around you.
You are robust. (+10% HP)
Your muscles are strong. (Str +2)
Potions are less effective at restoring your health.


Message History

You are too injured to fight recklessly!
You are too injured to fight recklessly!
You are too injured to fight recklessly!
You are too injured to fight recklessly!
You are too injured to fight recklessly!
You are too injured to fight recklessly!
You are too injured to fight recklessly!
It was a potion of mutation.
You feel extremely strange.
You feel robust.
You feel a strange attunement to the structure of the dungeons.
Your system partially rejects the healing effects of potions.
You feel stronger. The gnoll misses you.
It was a potion of brilliance.
You feel clever all of a sudden. The gnoll barely misses you.
You hit the gnoll.
The gnoll is almost dead.
The gnoll hits you with a flail.
You die...

..# #.
, ..
... ,
#. ..
#### *
#.
...#*
.#.# *
* ,,
.#....
'#'# *
.....#*
*
.#.####
*#.#..#
....'.#
,
#g#..#
.#.####
#@#..#
†#'#
##.#..#
{ .#.#
,
#.....#
####
##.#..#
#.#.##
*
#...##
#....#
#..#.#
#..#.#


You could see a gnoll.

Vanquished Creatures
  A leopard gecko (D:1)
  3 giant cockroaches (D:1)
  A goblin (D:1)
  2 hobgoblins (D:1)
  4 bats (D:1)
  2 frilled lizards (D:1)
  5 kobolds (D:1)
  6 rats (D:1)
24 creatures vanquished.

Notes
Turn   | Place    | Note
-------+----------+-------------------------------------------
     0 | Abyss:1  | Gunterle the Formicid Abyssal Knight began the quest for the Orb.
     0 | Abyss:1  | Reached XP level 1. HP: 18/18 MP: 2/2
    42 | Abyss:1  | Noticed a chaos spawn
    50 | Abyss:1  | Noticed a tentacled starspawn
    50 | Abyss:1  | Noticed a hellwing
    51 | D:1      | Escaped the Abyss
   154 | D:1      | Reached * piety under Lugonu
   154 | D:1      | Reached XP level 2. HP: 20/24 MP: 3/3
   934 | D:1      | Reached XP level 3. HP: 28/29 MP: 4/4
  1082 | D:1      | Gained mutation: You are robust. (+10% HP) [potion of mutation]
  1082 | D:1      | Gained mutation: You passively map a small area around you. [potion of mutation]
  1082 | D:1      | Gained mutation: Potions are less effective at restoring your health. [potion of mutation]
  1082 | D:1      | Gained mutation: Your muscles are strong. (Str +2) [potion of mutation]
  1084 | D:1      | Slain by a gnoll

Action                   || total
-------------------------++-------
Melee: Hand axe          ||    79
Invok: Depart the Abyss  ||     1
  Use: Potion            ||     2
  Eat: Chunk             ||     1
Armor: Leather armour    ||    26
Dodge: Dodged            ||    36
Block: Buckler           ||     8
